 Dungeon Crawl Stone Soup version 0.23.2 (webtiles) character file.

Game seed: 16396764667323613078

102 Menchi the Sneak (level 5, -8/30 HPs)
             Began as a Kobold Assassin on Apr 9, 2019.
             Mangled by Sigmund
             ... wielding a +0 scythe
              (10 damage)
             ... on level 2 of the Dungeon.
             The game lasted 00:02:39 (1558 turns).

Menchi the Sneak (Kobold Assassin)                  Turns: 1558, Time: 00:02:41

Health: -8/30      AC:  3    Str: 10    XL:     5   Next: 6%
Magic:  5/5        EV: 15    Int: 12    God:
Gold:   44         SH:  0    Dex: 16    Spells: 4/4 levels left

rFire    . . .     SeeInvis .   a - +2 dagger
rCold    . . .     Gourm    .   (shield restricted)
rNeg     . . .     Faith    .   c - +0 robe
rPois    .         Spirit   .   (no helmet)
rElec    .         Reflect  .   d - +0 cloak
rCorr    .         Harm     .   (no gloves)
MR       .....                  (no boots)
Stlth    ++++......             (no amulet)
HPRegen  0.10/turn              (no ring)
MPRegen  0.09/turn              (no ring)

@: flying
A: small, carnivore
a: no special abilities


You were on level 2 of the Dungeon.
You were completely stuffed.

You visited 1 branch of the dungeon, and saw 2 of its levels.

You collected 44 gold pieces.

Inventory:

Hand Weapons
 a - a +2 dagger (weapon)
 b - a +0 blowgun
Missiles
 e - 16 poisoned needles
 f - 2 curare-tipped needles
Armour
 c - a +0 robe (worn)
 d - a +0 cloak (worn)
Jewellery
 l - an uncursed ring of poison resistance {unknown}
Scrolls
 h - a scroll of enchant armour {unknown}
 i - 3 scrolls of remove curse {unknown}
 j - 2 scrolls of amnesia {unknown}
 k - 3 scrolls of identify {unknown}
Comestibles
 g - a ration
 m - 5 chunks of flesh


   Skills:
 - Level 2.1 Fighting
 * Level 4.0 Short Blades
 - Level 2.1 Throwing
 * Level 2.4 Dodging
 * Level 7.1 Stealth


You had 4 spell levels left.
You didn't know any spells.
Your spell library was empty.

Dungeon Overview and Level Annotations

Branches:
Dungeon (2/15)

Altars:

Annotations:
D:2 Sigmund


Innate Abilities, Weirdness & Mutations

You are small and have problems with some larger weapons.
You are carnivorous and can eat meat at any time.


Message History

You feel less confused.
You hit Sigmund.
Sigmund is heavily wounded.
A jackal comes into view.
Sigmund closely misses you.
The jackal barks!
You hit Sigmund.
Sigmund is severely wounded.
You hear an angry hiss.
You closely miss Sigmund.
Sigmund is severely wounded.
Sigmund hits you with a +0 scythe.
* * * LOW HITPOINT WARNING * * *
You hit Sigmund.
Sigmund is severely wounded.
The jackal stops to sniff the ground.
It was a potion of flight.
You feel very buoyant.
You fly up into the air.
Sigmund hits you with a +0 scythe!
You die...

#.###.# #..##.# #.##.#
#..#.# #### ##.#.# #...
#...# #... ##..# #... #.@#
#######... ##@# #.........
###h# ........... #...#
##.####....
#.#.##.#########.# #.#'#
#.............##.# #.#.#
...............##.####รท#..
##.....................###
..#...............#.......
#.......######...#.#...###


You could see Sigmund and a jackal.

Vanquished Creatures
  A bullfrog (D:2)
  An adder (D:2)
  2 dart slugs (D:1)
  3 leopard geckos (D:1)
  2 goblins (D:1)
  A hobgoblin (D:1)
  7 jackals
  3 bats
  A frilled lizard (D:1)
  4 kobolds (D:1)
  3 rats
28 creatures vanquished.

Notes
Turn   | Place    | Note
-------+----------+-------------------------------------------
     0 | D:1      | Menchi the Kobold Assassin began the quest for the Orb.
     0 | D:1      | Reached XP level 1. HP: 12/12 MP: 1/1
   282 | D:1      | Reached XP level 2. HP: 17/17 MP: 2/2
   473 | D:1      | Reached skill level 6 in Stealth
   694 | D:1      | Reached XP level 3. HP: 4/21 MP: 3/3
  1292 | D:2      | Noticed a bullfrog
  1303 | D:2      | Killed a bullfrog
  1303 | D:2      | Reached skill level 7 in Stealth
  1303 | D:2      | Reached XP level 4. HP: 25/26 MP: 4/4
  1454 | D:2      | Reached XP level 5. HP: 30/30 MP: 5/5
  1488 | D:2      | Found a faded altar of an unknown god.
  1533 | D:2      | Noticed Sigmund
  1558 | D:2      | Mangled by Sigmund

Skill      XL: |  1  2  3  4 |
---------------+-------------+-----
Short Blades   | 3 4 |  4.0
Stealth        | 6 7 |  7.1
Dodging        | 2 |  2.4
Fighting       | |  2.1
Throwing       | |  2.1

Action                   |  1- 3 |  4- 6 || total
-------------------------+-------+-------++-------
Melee: Dagger            |    65 |    38 ||   103
 Fire: Blowgun           |       |     3 ||     3
  Use: Potion            |     1 |     1 ||     2
 Stab: Sleeping          |     5 |       ||     5
  Eat: Chunk             |     8 |     2 ||    10
Armor: Robe              |    16 |     5 ||    21
Dodge: Dodged            |    58 |    24 ||    82
